Map: Sanctuary III LE

Players

Lambo - Winner!

  • Race: Zerg Zerg
  • League: Master

llllllllllll

  • Race: Terran Terran
  • League: Grandmaster

VOD

Have the link to the VOD?

Description

Time

  • Played on: July 31, 2026, 9:22 a.m.
  • Length: 23:00
Show
View Real Time Build Order
Export as new Build Order

Lambo Zerg - Winner!

Build Orders: Hatch First, Roach Hydra 

Get SALT Encoding   

  8  0:00  Drone  
  9  0:11  Drone  
  10  0:16  Drone  
  11  0:22  Drone  
  12  0:32  Overlord  
  12  0:40  Extractor, Drone  
  13  0:51  Drone  
  13  0:52  Drone  
  15  1:10  Hatchery  
  14  1:13  Drone  
  14  1:17  Drone  
  16  1:22  Drone  
  17  1:35  Spawning Pool  
  17  1:39  Drone  
  17  1:42  Extractor  
  17  1:44  Drone  
  17  1:50  Drone  
  18  2:01  Drone  
  19  2:10  Overlord  
  19  2:20  Drone  
  19  2:22  Queen x2  
  24  2:32  Zergling x4  
  24  2:33  Drone  
  27  2:40  Drone  
  28  2:45  Drone, Metabolic Boost  
  28  2:50  Drone  
  30  2:52  Drone  
  31  3:01  Overlord  
  31  3:04  Drone  
  32  3:12  Hatchery  
  32  3:16  Drone  
  32  3:21  Drone x2  
  32  3:25  Drone  
  35  3:31  Overlord  
  35  3:34  Drone x4  
  35  3:41  Extractor  
  38  3:43  Queen  
  38  3:46  Overlord  
  41  3:52  Drone x2  
  41  3:55  Queen  
  43  4:00  Drone  
  46  4:04  Drone  
  46  4:05  Drone  
  48  4:10  Drone x3  
  51  4:19  Queen  
  51  4:20  Zergling x4  
  55  4:24  Overlord  
  55  4:27  Overlord  
  55  4:28  Drone  
  55  4:33  Roach Warren, Drone  
  55  4:38  Drone x4  
  55  4:39  Overlord  
  55  4:44  Drone x2  
  55  4:45  Extractor x2  
  60  4:49  Drone  
  60  4:50  Lair  
  60  4:54  Drone x2  
  60  4:57  Evolution Chamber  
  60  4:58  Drone  
  62  5:02  Evolution Chamber  
  62  5:04  Drone x4  
  65  5:07  Drone x2  
  65  5:12  Drone x3  
  70  5:15  Roach x2  
  70  5:17  Roach  
  70  5:21  Burrow  
  76  5:22  Extractor  
  76  5:25  Drone x3  
  78  5:29  Drone  
  78  5:30  Drone x2  
  78  5:32  Zerg Missile Weapons Level 1  
  78  5:34  Overlord  
  81  5:36  Extractor, Drone x2  
  81  5:37  Extractor  
  81  5:40  Roach  
  81  5:41  Overlord  
  83  5:43  Overlord  
  83  5:50  Overlord  
  83  5:53  Overlord  
  83  5:55  Roach x2  
  83  5:56  Drone x4  
  91  6:02  Roach x2  
  91  6:03  Drone  
  96  6:05  Glial Reconstitution  
  96  6:06  Zerg Ground Armor Level 1  
  96  6:11  Drone  
  96  6:12  Queen  
  96  6:17  Overseer  
  97  6:19  Roach  
  97  6:20  Roach x2  
  97  6:23  Hatchery  
  102  6:29  Roach  
  102  6:30  Roach x7  
  108  6:33  Roach x14  
  108  6:34  Roach x3  
  108  6:38  Roach  
  112  6:40  Roach x2  
  112  6:41  Roach x4  
  112  6:43  Roach  
  115  6:53  Roach  
  115  6:58  Roach x2  
  109  7:06  Roach x5  
  113  7:11  Overlord  
  113  7:12  Roach, Overlord  
  113  7:14  Overlord x2  
  115  7:19  Overlord  
  115  7:20  Overlord, Infestation Pit  
  114  7:24  Drone  
  114  7:28  Hydralisk Den, Overlord, Tunneling Claws  
  114  7:29  Zerg Missile Weapons Level 2  
  114  7:34  Drone x4  
  114  7:36  Queen  
  120  7:40  Drone x9  
  120  7:42  Drone x2  
  120  7:43  Drone  
  132  7:46  Overseer  
  132  7:52  Drone x2  
  132  7:53  Drone x2  
  132  7:57  Muscular Augments  
  132  7:58  Extractor  
  135  8:00  Hydralisk x3  
  141  8:07  Hydralisk x4  
  149  8:13  Hive  
  149  8:14  Roach  
  149  8:16  Drone x3  
  149  8:18  Extractor, Drone  
  152  8:21  Drone, Hydralisk x2  
  152  8:24  Hydralisk x2  
  161  8:30  Hatchery  
  161  8:31  Hydralisk x3  
  161  8:32  Ravager  
  166  8:37  Spine Crawler  
  166  8:38  Spine Crawler  
  166  8:40  Overlord  
  164  8:42  Roach x4  
  164  8:44  Roach x10  
  164  8:46  Overlord  
  164  8:47  Overlord  
  164  8:49  Zerg Ground Armor Level 2  
  164  8:51  Hydralisk  
  164  8:52  Hydralisk  
  164  8:53  Zergling x2  
  164  8:54  Zergling x14  
  176  9:08  Drone  
  167  9:11  Drone x2  
  167  9:12  Spine Crawler  
  167  9:13  Spine Crawler x2  
  167  9:15  Spine Crawler, Hydralisk x3  
  167  9:16  Hydralisk x5  
  173  9:19  Grooved Spines  
  173  9:24  Viper x3  
  173  9:31  Evolution Chamber  
  181  9:33  Drone  
  181  9:34  Drone x2  
  184  9:40  Evolution Chamber  
  184  9:42  Spine Crawler, Extractor, Viper x2  
  184  9:43  Overseer  
  184  9:44  Extractor  
  186  9:46  Drone x3  
  186  9:47  Drone x3  
  193  9:55  Viper  
  193  9:59  Spine Crawler  
  194  10:02  Evolution Chamber  
  194  10:05  Evolution Chamber  
  194  10:06  Viper  
  196  10:08  Evolution Chamber  
  196  10:12  Drone x4  
  196  10:14  Spine Crawler  
  198  10:17  Spine Crawler, Overseer  
  198  10:20  Zerg Missile Weapons Level 3  
  197  10:23  Drone x3  
  200  10:42  Evolution Chamber  
  199  10:43  Pneumatized Carapace  
  182  11:04  Viper x3  
  182  11:05  Hydralisk x3  
  182  11:06  Hydralisk x2  
  199  11:18  Hydralisk x2  
  195  11:19  Hydralisk  
  195  11:20  Hydralisk  
  195  11:21  Zergling x2  
  195  11:24  Evolution Chamber  
  195  11:25  Evolution Chamber  
  193  11:29  Roach x7  
  198  11:39  Roach x4  
  200  11:43  Unknown  
  200  11:47  Spire  
  191  11:54  Hydralisk x4  
  191  11:57  Roach x10  
  195  12:13  Roach x3  
  194  12:21  Hydralisk  
  194  12:22  Hydralisk x10  
  172  12:30  Viper x2  
  172  12:32  Overlord x2  
  178  12:37  Overlord  
  178  12:43  Lurker Den  
  177  12:45  Hatchery  
  177  12:46  Hatchery  
  175  12:55  Hydralisk x7  
  175  12:58  Hatchery  
  198  12:59  Viper  
  198  13:00  Viper x3, Evolution Chamber  
  198  13:01  Evolution Chamber x2  
  198  13:03  Evolution Chamber  
  198  13:04  Greater Spire  
  198  13:05  Zerg Ground Armor Level 3  
  196  13:12  Hydralisk x2  
  194  13:26  Viper  
  191  13:31  Drone x7  
  196  13:40  Evolution Chamber  
  195  13:43  Evolution Chamber x3  
  195  13:48  Seismic Spines  
  192  13:49  Adrenal Glands  
  192  13:50  Zerg Melee Weapons Level 1  
  192  13:52  Hydralisk x4  
  192  13:54  Extractor x2  
  198  13:58  Hydralisk  
  181  14:33  Viper x2  
  181  14:38  Drone x3  
  186  14:39  Drone x3  
  186  14:40  Drone x6  
  186  14:45  Adaptive Talons  
  195  14:48  Evolution Chamber  
  195  14:51  Evolution Chamber  
  193  14:54  Zerg Flyer Weapons Level 1  
  193  14:56  Viper  
  193  14:59  Spine Crawler x2  
  194  15:04  Hydralisk x3  
  186  15:39  Hydralisk x5  
  192  15:46  Drone x4  
  192  15:47  Drone x3  
  192  15:48  Roach  
  199  15:55  Lurker, Evolution Chamber  
  199  15:56  Evolution Chamber, Lurker  
  199  15:58  Lurker  
  200  16:10  Extractor x2  
  198  16:15  Lurker  
  197  16:18  Zerg Melee Weapons Level 2  
  197  16:20  Drone x2  
  197  16:21  Drone, Baneling Nest  
  199  16:31  Hatchery  
  194  16:44  Drone x3  
  194  16:45  Drone x3  
  194  16:48  Lurker x3  
  194  16:51  Spine Crawler  
  194  16:52  Spore Crawler  
  192  16:56  Zerg Flyer Weapons Level 2  
  192  17:02  Overseer x3  
  192  17:03  Overseer  
  192  17:04  Centrifugal Hooks  
  192  17:06  Hydralisk x4  
  192  17:47  Overseer  
  192  17:50  Extractor x2  
  184  17:57  Zergling x38  
  200  18:10  Evolution Chamber  
  200  18:11  Evolution Chamber  
  198  18:14  Evolution Chamber  
  196  18:24  Hydralisk x5  
  198  18:38  Overlord x2  
  198  18:41  Zerg Melee Weapons Level 3  
  198  18:43  Baneling  
  198  18:47  Nydus Network  
  198  18:48  Hatchery  
  196  19:00  Overseer x3  
  175  19:10  Zergling x60  
  191  19:21  Drone x2  
  190  19:30  Hydralisk x5  
  200  19:47  Spine Crawler  
  200  19:48  Spine Crawler  
  196  19:56  Hydralisk x2  
  196  19:58  Lurker  
  199  20:05  Extractor  
  199  20:06  Extractor  
  195  20:07  Hydralisk x2  
  197  20:28  Hydralisk x3  
  194  20:34  Spore Crawler  
  177  20:51  Zergling x46  
  184  21:06  Zergling x2  
  184  21:07  Zergling x20  
  180  21:26  Drone x2  
  180  21:30  Baneling x7, Drone  
  180  21:31  Drone x14  
  197  21:40  Nydus Canal  
  197  21:44  Spine Crawler  
  197  21:46  Spine Crawler, Zergling x30  
  182  21:49  Hydralisk  
  182  21:52  Hydralisk x6  
  185  21:56  Hydralisk  
  185  21:57  Hydralisk  
  185  21:58  Nydus Canal  
  187  22:02  Hydralisk x6  
  187  22:05  Baneling x7  
  187  22:06  Baneling x2  
  195  22:11  Lurker x6  
  195  22:13  Lurker  
  200  22:21  Overlord  
  198  22:24  Baneling  
  198  22:25  Baneling x6  
  198  22:31  Overlord x2  
  198  22:36  Nydus Canal  
  195  22:40  Hatchery  
  195  22:42  Zergling x18  
  195  22:43  Overseer  
  200  22:54  Nydus Canal  
Show
View Real Time Build Order
Export as new Build Order

llllllllllll Terran 

Build Orders: Mech 

Get SALT Encoding   

  8  0:00  SCV  
  9  0:12  SCV  
  10  0:24  SCV  
  11  0:36  SCV  
  11  0:39  Supply Depot  
  12  0:48  SCV  
  13  1:01  SCV  
  14  1:10  Command Center  
  14  1:15  SCV  
  15  1:28  SCV  
  15  1:31  Barracks  
  16  1:40  SCV  
  16  1:41  Refinery  
  17  1:52  SCV  
  17  1:53  Refinery  
  18  2:04  SCV  
  19  2:18  Orbital Command  
  19  2:23  Orbital Command  
  19  2:27  Marine  
  20  2:41  Factory  
  20  2:44  Marine  
  20  2:45  SCV  
  20  2:51  SCV  
  23  2:57  SCV  
  24  3:03  SCV  
  24  3:04  Barracks Reactor  
  25  3:06  Supply Depot  
  25  3:09  SCV  
  26  3:15  SCV  
  27  3:21  SCV  
  27  3:27  SCV  
  27  3:33  SCV, Supply Depot  
  29  3:38  Factory  
  29  3:39  Refinery, SCV  
  30  3:45  SCV  
  30  3:46  Hellion x2  
  35  3:51  SCV  
  36  3:57  SCV  
  36  3:59  Factory  
  37  4:03  SCV  
  37  4:08  Hellion x2  
  37  4:09  SCV  
  43  4:14  Supply Depot  
  43  4:15  SCV  
  44  4:21  Factory Tech Lab, SCV  
  45  4:28  SCV  
  46  4:34  SCV  
  47  4:39  Hellion x2  
  47  4:40  SCV, Cyclone, Mag-Field Accelerator  
  55  4:46  SCV, Supply Depot  
  55  4:47  Factory Tech Lab  
  56  4:53  SCV  
  56  4:54  Supply Depot  
  56  4:58  SCV  
  58  5:05  Supply Depot  
  58  5:06  Infernal Pre-Igniter  
  58  5:08  Cyclone  
  58  5:12  SCV, Cyclone  
  65  5:16  Refinery  
  65  5:17  SCV  
  66  5:23  Hellion x2  
  66  5:24  SCV  
  71  5:34  Armory  
  71  5:40  Cyclone  
  74  5:44  Cyclone  
  77  5:50  Command Center  
  77  5:51  Supply Depot  
  77  5:52  Hellion  
  77  5:53  Hellion  
  81  5:59  Supply Depot  
  81  6:12  Cyclone  
  81  6:16  Hellion x2, Cyclone  
  91  6:19  Supply Depot  
  91  6:21  SCV x2  
  93  6:36  Factory, Terran Vehicle Weapons Level 1  
  93  6:44  Cyclone  
  91  6:47  Hellion  
  91  6:48  Cyclone  
  91  6:50  Hellion  
  92  6:54  SCV x2  
  90  7:06  SCV  
  89  7:11  Starport  
  89  7:12  SCV  
  90  7:17  Siege Tank  
  90  7:18  SCV  
  90  7:19  Hellion  
  90  7:20  Hellion  
  90  7:21  Siege Tank  
  101  7:23  Factory Tech Lab  
  101  7:26  SCV  
  102  7:30  Engineering Bay, SCV  
  103  7:37  Orbital Command  
  103  7:38  SCV  
  103  7:42  SCV  
  105  7:50  SCV  
  106  7:53  Factory Reactor  
  106  7:54  Raven, Siege Tank  
  106  7:55  SCV  
  106  7:56  Siege Tank  
  115  8:02  Factory  
  115  8:03  SCV  
  115  8:04  SCV  
  117  8:07  SCV  
  117  8:11  Missile Turret  
  118  8:15  SCV  
  118  8:16  SCV, Sensor Tower, Refinery  
  118  8:18  Missile Turret, Refinery  
  118  8:19  SCV  
  121  8:24  Armory  
  121  8:26  Siege Tank  
  124  8:27  SCV  
  124  8:32  Terran Vehicle Weapons Level 2  
  124  8:34  Supply Depot, Hellion  
  127  8:48  Starport Reactor  
  127  8:51  Supply Depot  
  127  8:53  Supply Depot  
  127  8:54  Supply Depot  
  127  8:55  SCV x3, Hellion x2  
  134  9:01  Command Center  
  134  9:02  Siege Tank  
  135  9:05  Cyclone  
  135  9:07  Siege Tank  
  134  9:11  Hellion  
  134  9:13  Hellion  
  136  9:19  Barracks  
  136  9:21  Terran Vehicle And Ship Armor Level 1  
  136  9:23  Hellion  
  138  9:24  SCV  
  138  9:25  SCV x2, Supply Depot  
  138  9:27  Hellion  
  143  9:32  Supply Depot  
  143  9:34  Siege Tank, Hellion  
  143  9:37  SCV x3  
  151  9:41  Supply Depot x2  
  151  9:43  Siege Tank  
  154  9:45  Siege Tank  
  154  9:49  SCV  
  156  9:57  Hellion x2  
  156  9:58  Hellion  
  156  9:59  Hellion  
  164  10:01  Viking  
  164  10:06  Viking  
  171  10:18  Sensor Tower  
  177  10:23  Cyclone x3  
  177  10:26  Refinery  
  177  10:31  Refinery, Planetary Fortress  
  177  10:37  Hellion x3  
  185  10:43  Hellion  
  185  10:49  Viking x2  
  179  10:55  Cyclone x2, Hellion  
  184  11:01  Hellion  
  184  11:02  Hellion x2  
  180  11:15  Terran Vehicle Weapons Level 3  
  180  11:16  Terran Vehicle And Ship Armor Level 2, Cyclone  
  183  11:18  Hellion, Barracks  
  183  11:22  Hellion  
  177  11:27  Cyclone x2, Hellion  
  177  11:28  Hellion  
  177  11:29  Viking x2  
  183  11:49  Cyclone  
  183  11:52  Hellion  
  183  11:53  Hellion  
  175  11:56  Hellion  
  175  11:59  Viking x2, Cyclone x2  
  173  12:14  Command Center  
  173  12:15  Factory x2  
  161  12:16  Hellion, Factory  
  161  12:21  Cyclone  
  161  12:22  Hellion  
  137  12:29  Viking x2, Hellion  
  121  12:30  Hellion  
  121  12:31  Cyclone  
  121  12:32  Cyclone  
  125  12:41  SCV x3  
  128  12:48  Hellion x2  
  132  12:53  Siege Tank, SCV  
  132  12:55  Missile Turret  
  136  12:59  Hellion  
  136  13:00  Hellion, Factory Tech Lab x2, Command Center  
  136  13:01  Missile Turret  
  136  13:02  Factory Tech Lab  
  136  13:03  Siege Tank  
  136  13:04  Siege Tank  
  136  13:05  Viking x2  
  150  13:15  Hellion x2  
  138  13:21  Hellion  
  138  13:25  Siege Tank  
  132  13:28  Hellion  
  134  13:34  Viking  
  134  13:35  Viking, Siege Tank  
  134  13:36  Siege Tank  
  134  13:37  Siege Tank  
  134  13:39  Siege Tank  
  134  13:40  Cyclone  
  153  13:47  Barracks  
  153  13:48  Ghost Academy  
  153  13:49  Barracks  
  153  13:50  Barracks  
  153  13:51  Terran Infantry Armor Level 1  
  153  13:57  Terran Vehicle And Ship Armor Level 3  
  153  14:00  Hellion x3  
  153  14:01  Hellion x2  
  163  14:08  Missile Turret  
  163  14:10  Missile Turret  
  163  14:12  Refinery  
  163  14:14  Cyclone, Refinery  
  134  14:20  Viking x2  
  134  14:22  Cyclone  
  134  14:23  Cyclone  
  124  14:28  Hellion x2  
  116  14:32  Hellion  
  118  14:39  Planetary Fortress  
  118  14:46  Barracks Tech Lab  
  118  14:47  Barracks Tech Lab x3  
  118  14:49  Orbital Command  
  122  14:58  SCV x2  
  122  14:59  SCV  
  125  15:04  Medivac x2  
  133  15:16  Missile Turret x3  
  119  15:21  Cyclone  
  119  15:22  Cyclone x2  
  115  15:28  Hellion  
  115  15:29  Hellion x3  
  115  15:34  Unknown x4  
  117  15:50  Missile Turret x2, Hellion x4  
  117  15:51  Missile Turret x2  
  117  15:52  Missile Turret  
  117  15:55  Sensor Tower  
  129  16:02  Unknown  
  129  16:03  Siege Tank  
  134  16:05  Unknown  
  134  16:09  Siege Tank  
  137  16:11  Command Center  
  137  16:14  Siege Tank  
  140  16:19  Hellion  
  140  16:20  Hellion x3  
  140  16:23  Unknown  
  140  16:25  Unknown  
  148  16:28  Command Center  
  148  16:31  Unknown  
  129  16:44  Hellion x4  
  129  16:45  Siege Tank  
  142  16:52  Siege Tank  
  145  17:02  Siege Tank  
  145  17:05  Missile Turret  
  145  17:06  Unknown x2  
  145  17:08  Siege Tank, Missile Turret  
  151  17:09  Missile Turret  
  151  17:10  Missile Turret, Unknown  
  151  17:11  Unknown, Command Center  
  151  17:19  Siege Tank x2  
  157  17:24  Hellion x3  
  157  17:25  Hellion  
  157  17:26  Siege Tank  
  168  17:35  Siege Tank  
  159  17:45  Siege Tank  
  159  17:47  Hellion x2  
  159  17:49  Hellion  
  172  18:16  Missile Turret x2, Unknown  
  172  18:17  Sensor Tower  
  172  18:19  Refinery  
  166  18:28  Hellion x3  
  166  18:29  Hellion  
  166  18:31  Unknown x2  
  176  18:39  Unknown  
  176  18:45  Refinery  
  176  18:54  Missile Turret  
  176  18:58  Missile Turret  
  176  18:59  Unknown  
  182  19:07  Missile Turret  
  182  19:08  Sensor Tower  
  168  19:18  Missile Turret  
  164  19:27  Unknown x3  
  164  19:30  Hellion  
  164  19:31  Hellion x3  
  165  19:38  Orbital Command  
  165  19:45  Unknown  
  165  19:47  Siege Tank x2  
  165  19:49  Missile Turret  
  169  19:55  Unknown x2  
  169  19:56  Unknown  
  169  20:02  Siege Tank  
  172  20:12  Hellion x3  
  172  20:13  Hellion  
  172  20:14  Hellion  
  180  20:33  Planetary Fortress  
  180  20:38  Unknown  
  180  20:40  Missile Turret  
  173  20:54  Siege Tank  
  175  20:58  Hellion x5  
  173  21:20  Unknown x2, Refinery  
  173  21:25  Refinery  
  173  21:30  Sensor Tower  
  173  21:32  Missile Turret, Orbital Command  
  173  21:35  Missile Turret  
  173  21:36  Command Center  
  173  21:39  Command Center  
  162  22:05  Unknown x2  
  162  22:25  Orbital Command, SCV x4  
  162  22:27  Unknown x2  
Tags
 
Add a new tag
Caveats
  • Supply blocks, unpowered buildings, or Contaminate may cause inaccurate times.
  • Supply counts are checked every 10 seconds.